 Dungeon Crawl Stone Soup version 0.31.0-11-ge490571c62 (webtiles) character file.

Game seed: 4960564574208610452

562 gohu the Cleaver (level 7, 0/90 HPs)
             Began as a Hill Orc Fighter on Jan 26, 2024.
             Succumbed to a gnoll's poison
             ... on level 4 of the Dungeon.
             The game lasted 00:09:02 (3353 turns).

gohu the Cleaver (Hill Orc Fighter)                 Turns: 3353, Time: 00:09:03

Health: 0/90       AC: 23    Str: 20 (21) XL:     7   Next: 32%
Magic:  1/7        EV:  2    Int:  5 (8)  God:
Gold:   225        SH:  4    Dex:  9 (10) Spells: 6/6 levels left

rFire   . . .        a - +1 war axe
rCold   . . .        c - +0 buckler
rNeg    . . .        f - melded +0 chain mail
rPois   +            (helmet currently unavailable)
rElec   .            (cloak currently unavailable)
rCorr   .            (gloves currently unavailable)
SInv    +            (boots currently unavailable)
Will    .....        g - amulet of guardian spirit
Stlth   +            (no ring)
HPRegen 0.35/turn    (no ring)
MPRegen 0.10/turn

%: guardian spirit
@: brilliant, lethally poisoned (0 -> -10), tree-form
A: stationary, stasis, torment immunity, boosted hp
a: no special abilities


You were on level 4 of the Dungeon.
You were a tree.
You visited 1 branch of the dungeon, and saw 4 of its levels.
You also visited: Sewer.

You collected 225 gold pieces.

Inventory:

Hand Weapons
 a - a +1 war axe (weapon)
Armour
 b - a +0 scale mail
 c - a +0 buckler (worn)
 f - a +0 chain mail (melded)
Jewellery
 g - an amulet of guardian spirit (around neck)
Scrolls
 i - 2 scrolls of identify
 n - a scroll of blinking
 q - a scroll of fog {unknown}
Potions
 d - a potion of might
 h - 2 potions of degeneration
 m - 2 potions of brilliance


   Skills:
 + Level 4.7 Fighting
 * Level 8.3 Axes
 + Level 4.8 Armour
 + Level 3.9 Shields


You had 6 spell levels left.
You didn't know any spells.
Your spell library contained the following spells:

 Spells                   Type           Power      Damage    Failure   Level
 Sandblast                Erth           0%         2d4       54%         1
 Ensorcelled Hibernation  Hex/Ice        0%         N/A       69%         2
 Dazzling Flash           Conj/Hex       0%         N/A       89%         3
 Fugue of the Fallen      Necr           0%         N/A       89%         3
 Mephitic Cloud           Conj/Alch/Air  0%         N/A       89%         3
 Passwall                 Erth           0%         N/A       89%         3
 Stone Arrow              Conj/Erth      0%         3d7       89%         3
 Volatile Blastmotes      Fire/Tloc      0%         2d10      89%         3
 Anguish                  Hex/Necr       0%         N/A       100%        4
 Brom's Barrelling Bould  Conj/Erth      0%         2d3       100%        4
 Curse of Agony           Necr           0%         N/A       100%        5
 Silence                  Hex/Air        0%         N/A       100%        5
 Starburst                Conj/Fire      0%         6d3       100%        6
 Maxwell's Capacitive Co  Air            0%         ∞         100%        8


Dungeon Overview and Level Annotations

Branches:
Dungeon (4/15)              Sewer (visited)
 Temple: D:4-7

Altars:
Cheibriados

Shops:
D:2 [   D:3 (

Annotations:
D:3 Edmund


Message History

The gnoll throws a poisoned dart.
The poisoned dart hits you!
You are lethally poisoned!
It was a potion of degeneration.
There was something very wrong with that liquid.
You feel weakened.
You feel dopey.
You feel clumsy.
* * * LOW HITPOINT WARNING * * *
You feel very sick.
It was a potion of brilliance.
You feel clever all of a sudden.
* * * LOW HITPOINT WARNING * * *
You feel sick. You block the gnoll's attack.
It was a potion of curing.
You feel better.
The gnoll throws a poisoned dart.
The poisoned dart hits you!
You are poisoned.
You aren't carrying any items that you can evoke.
It was a potion of lignification.
You turn into a tree.
Your +0 chain mail melds into your body.
Your roots penetrate the ground.
You feel sick.
The gnoll hits you from afar with a +4 halberd.
* * * LOW HITPOINT WARNING * * *
You aren't carrying any items that you can evoke.
As you read the scroll of immolation, it crumbles to dust.
The creatures around you are filled with an inner flame!
You feel sick. The gnoll hits you but does no damage.
You aren't carrying any items that you can evoke.
Unknown command.
As you read the scroll labelled SEGY FE GILA, it crumbles to dust.
You feel a strange sense of stasis.
It was a scroll of teleportation.
You feel sick.
The gnoll throws a poisoned dart.
The poisoned dart hits you!
You are lethally poisoned!
As you read the scroll labelled UNWATHEEFU, it crumbles to dust.
It is a scroll of enchant weapon.
Your +0 war axe glows red for a moment.
* * * LOW HITPOINT WARNING * * *
You feel very sick. The gnoll hits you but does no damage.
As you read the scroll labelled HAXZOA JOVVUBB, it crumbles to dust.
You feel aware of your surroundings.
You sensed 2 altars.
It was a scroll of revelation.
You die...

*,,,,,,,,,,,,,,
##########.....,,,,*****
##########.###.,**,**,,,
#########..####,**,,*,,,
#########.#####,***,*,,,
#########.#####,* *,*,,,
#########.#####.***,,,,,
######..........,,,,,,,,
#######♣....###,*****,,,
###...##....###.##****,*
###...##.g........,,,,,*
###...##..........,,,,,,
###...##..........,,,,*,
###....#...#......,,,,*,
###.......##......,,,,,*
###...............,,,,,,
**###...#,,.....,,,,*,


You could see a gnoll (inner flame).

Vanquished Creatures
  2 bullfrogs (Sewer)
  A scorpion (D:3)
  2 bombardier beetles
  A gnoll bouda (D:3)
  7 gnolls
  8 adders
  13 dart slugs
  A ribbon worm (D:2)
  2 orcs (D:3)
  5 bats
  16 endoplasms
  20 giant cockroaches
  2 goblins (D:3)
  4 hobgoblins
  2 jackals (D:2)
  7 quokkas
  13 ball pythons
  14 frilled lizards
  5 kobolds
  8 rats
133 creatures vanquished.

Notes
Turn   | Place    | Note
-------+----------+-------------------------------------------
     0 | D:1      | gohu the Hill Orc Fighter began the quest for the Orb.
     0 | D:1      | Reached XP level 1. HP: 19/19 MP: 1/1
   137 | D:1      | Reached XP level 2. HP: 25/27 MP: 2/2
   152 | D:1      | Reached skill level 3 in Axes
   641 | D:1      | Reached XP level 3. HP: 33/33 MP: 3/3
   806 | D:2      | Found Tolleng's Armour Shop.
   912 | D:2      | Reached skill level 4 in Axes
   914 | D:2      | Reached XP level 4. HP: 34/40 MP: 4/4
   920 | D:2      | Found the +5 robe of Misfortune {Harm *Corrode *Slow EV+5}
  1508 | D:4      | Found a glowing drain.
  1552 | Sewer    | Entered a sewer
  1585 | Sewer    | Reached skill level 5 in Axes
  1655 | Sewer    | Reached XP level 5. HP: 45/46 MP: 3/5
  2065 | Sewer    | Reached skill level 6 in Axes
  2065 | Sewer    | Reached XP level 6. HP: 49/53 MP: 3/6
  2099 | Sewer    | Reached skill level 7 in Axes
  2356 | D:3      | Found a faded altar of an unknown god.
  2445 | D:4      | Noticed Edmund
  2452 | D:3      | Reached XP level 7. HP: 41/60 MP: 4/7
  2718 | D:3      | Reached skill level 8 in Axes
  2882 | D:3      | Found a snail-covered altar of Cheibriados.
  3167 | D:3      | Found Errefiew's Weapon Boutique.
  3346 | D:4      | HP: 3/60 [poisoned by a gnoll]
  3347 | D:4      | HP: 1/60 [poisoned by a gnoll]
  3352 | D:4      | HP: 3/90 [poisoned by a gnoll]
  3353 | D:4      | Succumbed to a gnoll's poison

Illustrated notes

Levels and vault maps discovered:
D:1:      dpeg_arrival_windows_large_door, layout_loops_cross,
          minmay_hexomino_r4
D:2:      layout_basic, serial_shops, nicolae_shop_just_a_little_nook,
          minmay_lizard_pond
D:3:      layout_basic, cheibriados_altar_2, ebering_ecumenical_altar_box,
          serial_shops, nicolae_diamond_shop, dreamdust_mushroom_princess
D:4:      layout_rooms, jmf_multi_god_temple2, portal_sewer_entry_f, uniq_edmund

Skill      XL: |  1  2  3  4  5  6  7 |
---------------+----------------------+-----
Axes           | 3 4 5 6 7 8 |  8.3
Fighting       | 4 |  4.7
Armour         | 4 |  4.8
Shields        | |  3.9

Action                     |  1- 3 |  4- 6 |  7- 9 || total
---------------------------+-------+-------+-------++-------
  Melee: War axe           |    87 |   246 |    36 ||   369
    Use: Scroll            |       |     1 |     5 ||     6
         Potion            |       |       |     4 ||     4
 Armour: Chain mail        |    63 |   186 |    38 ||   287
         Scale mail        |     8 |       |       ||     8
         Skin              |       |       |     3 ||     3
  Dodge: Dodged            |    28 |    83 |    17 ||   128
  Block: Buckler           |    20 |    65 |     8 ||    93
